[Event "Khanty-Mansiysk FIDE GP (Women)"]
[Site "Khanty-Mansiysk"]
[Date "2014.04.17"]
[Round "8"]
[White "Girya, Olga"]
[Black "Muzychuk, Anna"]
[Result "1-0"]
[ECO "D43"]
[WhiteElo "2450"]
[BlackElo "2560"]
[Annotator "ChessBase Website"]
[PlyCount "157"]
[EventDate "2014.04.09"]
[EventType "tourn"]
[EventRounds "11"]
[EventCountry "RUS"]
[EventCategory "10"]
[SourceTitle "CBM 160"]
[Source "ChessBase"]
[SourceDate "2014.05.15"]
[SourceVersion "1"]
[SourceVersionDate "2014.05.15"]
[SourceQuality "1"]
[TimeControl "40/5400+30:1800+30"]
[WhiteClock "1:30:00"]
[BlackClock "1:30:00"]

1. d4 d5 {[%emt 0:00:00] The game of the day, absolutely the
most important for standings. Girya exhibited great chess, converting a small
advantage from the opening into a large positional one, eventually landing
herself in a rook endgame up a pawn. Girya was able to break through
Muzychuk's very stubborn defense in a marathon 79 move game!} 2. c4 c6 3. Nf3 Nf6 4. Nc3 e6 5. Bg5 h6 6. Bxf6 Qxf6 7. Qb3 a5 8. e3 Nd7 9. Bd3 Bd6 10. O-O O-O 11.
Rad1 $146 (11. Rfe1 Bc7 12. Rad1 Qe7 13. a3 dxc4 14. Qxc4 e5
15. Ne4 Re8 16. Qc2 Nf6 17. Nxf6+ Qxf6 18. d5 Qe7 19. Bh7+ Kh8 20. Be4 c5 21.
Nd2 Bd6 22. a4 g6 23. Bd3 f5 24. Bb5 Rd8 25. Nc4 Qc7 26. Qc3 Kh7 27. f4 e4 28.
Qf6 b6 29. Ne5 Rg8 30. Qf7+ Qxf7 31. Nxf7 Bf8 32. d6 Be6 33. Ne5 Rd8 34. d7 Rg7
35. Rd2 g5 36. Red1 gxf4 37. exf4 e3 38. Re2 c4 39. Rxe3 Bc5 40. Kf2 Bxe3+ {
Navara,D (2700)-Perunovic,M (2617) Yerevan 2014 1-0}) 11... dxc4 12. Qxc4 Qe7 13. Ne4 Bc7 14. Bb1 Nf6 15. Nxf6+ Qxf6 16. Qc2 g6 17. e4 Qe7 18. e5 Bd7 19. Nd2 f5 20. exf6 Rxf6 21. Ne4 Rf5 22.
Nc5 b6 23. Nxd7 Qxd7 24. Qc3 Rf6 25. Be4 Rc8 26. g3 Bd8 27.
Rc1 Be7 28. Bxc6 Qd6 29. Rfe1 Kg7 30. Qc4 Qb4 31. Qxb4 Bxb4 32. Re5 Bc5 33. dxc5 Rxc6 34. Rc3 Rf5 35. cxb6 Rxb6 36. Rxf5 gxf5 37. b3 Rb5 38. Rc7+ Kf6 39. Ra7 h5 40. Kg2 Rd5 41. a4 Rc5 42. Rb7 Rc3 43. Rb5 h4 44. gxh4 Rd3 45. Rb6 Rc3 46. h5 Kg5 47. Rxe6 Kxh5 48. Re5 Kg4 49. Rxa5 Rxb3 50. h3+ Rxh3 51. Rxf5 Ra3 52. Ra5 Rg3+ 53. Kf1 Ra3 54. Ke2 Kf4 55. Ra8 Ke4 56. Re8+ Kd5 57. Rd8+ Ke5 58. Ra8 Ke4 59. f3+ Kf4 60. Rf8+ Kg5 61. Rg8+ Kf5 62. Rg4 Rb3 63. Rc4 Ke5 64. Kf2 Kd5 65. Rh4 Ra3 66. Kg3 Kd6 67. Rh6+ Ke5 68. a5 Kf5 69. Ra6 Ra1 70. Ra8 Kf6 71. a6 Ra4 72. a7 Kg7 73. f4 Ra3+ 74. Kf2 Ra2+ 75. Ke3 Ra3+ 76. Kd2 Ra6 77. f5 Rd6+ 78. Kc3 Rd7 79. Rg8+ 1-0

[Event "Metz op 31th"]
[Site "Metz"]
[Date "2013.04.23"]
[Round "6"]
[White "Sanikidze, Tornike"]
[Black "Doluhanova, Evgeniya"]
[Result "1-0"]
[ECO "D43"]
[WhiteElo "2559"]
[BlackElo "2332"]
[Annotator "Metz Alekhine/Primel,D"]
[PlyCount "65"]
[EventDate "2013.04.20"]
[EventType "swiss"]
[EventRounds "9"]
[EventCountry "FRA"]
[SourceTitle "EXT 2016"]
[Source "ChessBase"]
[SourceDate "2015.10.08"]
[SourceVersion "1"]
[SourceVersionDate "2015.10.08"]
[SourceQuality "1"]
[TimeControl "40/5400:1800+30"]
[WhiteClock "1:30:00"]
[BlackClock "1:30:00"]

1. d4 d5 2. c4 e6 3. Nf3 Nf6 4. Nc3 c6 5. Qb3 (5. Bg5 h6 6. Bh4 dxc4 7. e4 g5
8. Bg3 b5 9. Be2 Bb7 10. O-O (10. h4) 10... Nbd7 11. Ne5 Bg7 12. Nxd7 Nxd7 13.
Bd6 a6 14. a4 b4 15. Nb1 Nf6 16. e5 Ne4 17. Bxb4 c5 18. dxc5 Bxe5
19. Na3 Qc7 20. Nxc4 Bxh2+ 21. Kh1 Rd8 {Van Wely,L (2693)-So,W (2706)
Hoogeveen Unive Crown 17th 2013 (4) 0-1} (21... Qf4 22. Nd6+ Nxd6 23. Qxd6 Qxd6
24. cxd6 Bf4 {Martinovic})) 5... Nbd7 6. Bg5 Qa5 7. Bd2 Qb6 8. Qc2 Bb4 9. e3
O-O 10. Bd3 Qd8 $6 $146 {03 coups de Q dans les 10 premiers coups pour revenir
à la position initiale?} (10... dxc4 11. Bxc4 c5 $132 {Ivanov,M (2461)
-Sarakauskas,G (2381) Schwarzach op-A 2000 (8) 1/2}) 11. O-O (11. O-O-O $5 $32 dxc4 12. Bxc4 Be7 13. g4 Nxg4 14. Rhg1 $44 Nxf2 15. Rdf1)
11... dxc4 12. Bxc4 Bd6 13. Rad1 $32 Qe7 14. Rfe1 (14. e4 e5) 14... b5 15. Bd3
Bb7 16. e4 e5 $8 17. Bg5 h6 18. Bh4 Rfd8 {Les Blancs n'ont pas réussi à
profiter de l'avance de développement et les Noirs sont proches de
l'égalité.} 19. Ne2 $1 Bb4 20. Rf1 a6 21. a3 Bd6 22. Ng3 g6 (22... g5 $2 23. Nf5 Qf8 24. Bg3 $36) 23. Qc1 (23. dxe5 $142 {
Semblait plus naturel pour tenter de profiter du centre Blanc} Nxe5 24. Nxe5
Qxe5 (24... Bxe5 25. f4 Bd4+ 26. Kh1 c5 $2 27. e5 $40) 25. f4 Qc5+ 26. Kh1 Qxc2
27. Bxc2 Be7 28. e5 Nd5 29. Bxe7 Nxe7 30. Ne4 ) 23... Kh7 24. Nh1 {
Bizarre} c5 25. dxe5 Bxe5 (25... Nxe5 26. Nxe5 Bxe5 27. f4) 26. Bb1 Qe6 27.
Nxe5 Nxe5 28. f4 Neg4 $6 (28... Rxd1 $142 29. Rxd1 Nc4) 29. Rxd8 Rxd8 30. h3
Rd4 31. hxg4 Nxe4 32. f5 Qd7 33. fxg6+ 1-0

[Event "Shenzhen FIDE GP (Women)"]
[Site "Shenzhen"]
[Date "2011.09.17"]
[Round "9"]
[White "Cmilyte, Viktorija"]
[Black "Muzychuk, Anna"]
[Result "0-1"]
[ECO "D43"]
[WhiteElo "2525"]
[BlackElo "2545"]
[Annotator "Mikhalchishin,A"]
[PlyCount "50"]
[EventDate "2011.09.07"]
[EventType "tourn"]
[EventRounds "11"]
[EventCountry "CHN"]
[EventCategory "10"]
[SourceTitle "CBM 145"]
[Source "ChessBase"]
[SourceDate "2011.11.11"]
[SourceVersion "1"]
[SourceVersionDate "2011.11.11"]
[SourceQuality "1"]
[TimeControl "5400"]
[WhiteClock "0:00:00"]
[BlackClock "0:00:25"]

1. Nf3 d5 2. d4 Nf6 3. c4 c6 4. Nc3 e6 5. Bg5 h6 6. Bxf6 Qxf6 7. e3 g6 8. Bd3
Bg7 9. e4 dxe4 10. Nxe4 Qd8 11. c5 O-O 12. Nd6 ({It is possible to try to hold
the centre differently, but this way does not promise anything real to White:} 
12. Bc4 b6 13. O-O (13. b4 bxc5 14. bxc5 Ba6 15. Rc1 Bxc4 16. Rxc4 Qd5 17. Qe2
Nd7 18. Nc3 Qf5 19. O-O Rfb8 20. Re1 a5 21. h3 Rb4 22. g4 Qf4 23. Kg2 e5 24. a3
Rxc4 25. Qxc4 exd4 {1/2 Zakhartsov,V (2608)-Collas,D (2418)/Benasque 2010.
With very unclear play.} {as it was possible to try an aggressive way here:}
26. Nd5 $1) 13... bxc5 14. Nxc5 Nd7 15. b4 a5 16. a3 Rb8 17. Rb1 axb4 18. axb4
Nb6 19. Bd3 Nd5 20. Qd2 Qd6 21. Rfd1 Rd8 22. Bf1 Ne7 23. Ne4 Qc7 24. Qc3 Nf5
25. Rd2 Bd7 26. g3 Be8 27. Nc5 Qd6 28. Rbd1 Ne7 29. Rb1 Nd5 30. Qc4 {0-1
Mkrtchian,L (2463)-Aghasaryan,R (2337)/Kajaran 2011. White will keep the two
weaknesses on d4 and b4 against Black's weakness on c6.}) 12... b6 13. O-O {
Of course, it is always recommended to castle as soon as possible, but in
positions, where the centre is under fire it is possible to check out other
serious options:} (13. Qa4 $6 bxc5 14. dxc5 Bxb2 15. Rb1 Bc3+ 16. Ke2 Qc7 17.
h4 Nd7 18. Qc2 Bg7 19. h5 g5 20. Rhd1 Rb8 21. Qc4 Rxb1 22. Bxb1 Nf6 {0-1 Garza
Marco,S (2452)-Adla,D (2498)/Zaragoza 2010. White has no real compensation for
the pawn.}) (13. b4 Nd7 14. O-O a5 15. Qa4 b5 16. Qa3 e5 17. Be4 Ra6 18. dxe5 (
{It was stronger to exploit the pin for a tactical attack:} 18. Qb3 $1 axb4 19.
Bxg6) 18... axb4 19. Qxb4 Nxe5 20. Rad1 Qf6 21. Nxe5 Qxe5 22. Rfe1 Qc3 {
0-1 Hillarp Persson,T (2576)-Rasmussen,K (2429)/Denmark 2010. Black moves into
an endgame with a few unpleasant white weaknesses.}) 13... bxc5 14. dxc5 Nd7 ({
Of course, it is always necessary to check what happens after the primitive
pawn capture:} 14... Bxb2 15. Rb1 Bg7 16. Qa4 Qc7 17. h4 ({Simple
centralisation looks better:} 17. Rfd1 Nd7 18. Be4 Nxc5 19. Qxc6 Qxc6 20. Bxc6)
17... Nd7 18. Qa3 Rd8 19. Bc4 Bf8 $1 {Continuing the correct strategy of
attacking the opponent's most powerful piece - the d6-knight.} 20. h5 Nxc5 21.
Qxc5 Qxd6 22. Qxd6 Rxd6 23. hxg6 fxg6 24. Rfd1 Kf7 25. Ne5+ Kf6 26. Rxd6 Bxd6
27. Nxc6 Bc7 28. Rb3 Bd7 29. Rb7 Bh2+ 30. Kxh2 Bxc6 31. Rc7 Bd5 32. Kg3 Bxc4
33. Rxc4 Rd8 34. Ra4 Rd7 35. Ra5 $1 {1/2 Beliavsky,A (2634)-Kornev,A (2507)/
Moscow 2011. White has placed his rook so powerfully, that Black has no real
chances to play for a win with his extra pawn.}) 15. Qc2 Rb8 16. b3 ({White
tries to make the play sharper, as simple development does not promise a bed
of roses here:} 16. Rab1 Qa5 17. Rfc1 Qxa2 18. Bc4 Qa5 19. Nxf7 Rxf7 20. Bxe6
Ne5 21. Bxf7+ Kxf7 22. Nxe5+ Bxe5 23. b4 Rxb4 24. Rxb4 Qxb4 25. Qa2+ Kf8 26.
Rd1 Qxc5 27. Qd2 Kg7 28. Qd8 Be6 {0-1 Illescas Cordoba,M (2591)-Gelfand,B 
(2756)/Lugo ESP 2009}) 16... Bxa1 17. Rxa1 Qa5 {This is a novelty. Previously
another good option was tried:} (17... Qf6 18. Rd1 Bb7 19. Qc1 Ba8 20. Qe3 Kg7
21. h4 Rbd8 22. b4 Nb6 23. Nxf7 ({It was bette to create a strong passed pawn
in the place of the knight on d6:} 23. Be4 Nc4 24. Qc1 Nxd6 25. cxd6) 23...
Rxf7 24. cxb6 Rd5 25. Re1 Qf4 26. Qe2 axb6 27. Bc4 Rd6 28. Qb2+ Qf6 29. Ne5 c5
30. Re3 Rd4 31. Qe2 Rd1+ 32. Kh2 Qxh4+ {0-1 Ragger,M (2561)-Gustafsson,J (2622)
/Solingen GER 2009}) 18. Rc1 ({The sacrifice on g6 would have allowed White a
perpetual!} 18. Bxg6 Qxc5 19. Bxf7+ Rxf7 20. Qg6+ Rg7 21. Qxe6+ Kh7 22. Qe4+
Kh8 23. Qe8+ Rg8 24. Qe7 Rg7 {, but Cmilyte was in an aggressive mood.}) 18...
Qxc5 $1 ({White would have a very serious compensation for the exchange, if
Black did not try to simplify the position:} 18... Kg7 19. Nd4 Bb7 20. Qb2 Nf6
21. h4) 19. Nxc8 Qa3 $1 20. Bxg6 $2 ({A sensible move keeping the initiative
was} 20. Bc4 Rfxc8 (20... Rd8 {is much weaker:} 21. Bxe6 Nf8 22. Bh3 f5 23.
Nxa7 Qxa7 24. Ne5 Rbc8 25. Nxg6 $1 Nxg6 26. Bxf5 Ne5 27. Be6+ Kh8 28. Qc3 Qg7
29. Bxc8 Rxc8 30. f4 {and White will keep very good chances in the endgame
with three pawns for the knight.}) 21. Bxe6 fxe6 22. Qxg6+ Kf8 23. Rd1 Qe7 24.
Qxh6+ Ke8 25. Qg6+ {and White can secure perpetual here, as any black try to
avoid it is dangerous.} Kd8 26. Ne5 Rc7 27. Qg8+ Qe8 28. Qg5+ Kc8 $2 (28... Qe7
29. Qg8+ Qe8 30. Qg5+ $11) 29. Nc4 {with unpleasant threats.}) 20... Rbxc8 ({
There was also another possible capture:} 20... Rfxc8) 21. b4 {White has no
special compensation for the exchange and Cmilyte tries to make some waves,
but in vain.} Qxb4 22. Rb1 Qc5 23. Qe4 Kg7 24. Nd4 Qd5 ({Or} 24... Nf6 25.
Nxe6+ fxe6 26. Rb7+ Kh8) 25. Qg4 Ne5 0-1

[Event "Sautron op 13th"]
[Site "Sautron"]
[Date "2013.10.27"]
[Round "2"]
[White "Ider, Borya"]
[Black "Burmakin, Vladimir"]
[Result "1/2-1/2"]
[ECO "D43"]
[WhiteElo "2377"]
[BlackElo "2581"]
[Annotator "RR"]
[PlyCount "29"]
[EventDate "2013.10.26"]
[EventType "swiss"]
[EventRounds "9"]
[EventCountry "FRA"]
[SourceTitle "EXT 2016"]
[Source "ChessBase"]
[SourceDate "2015.10.08"]
[SourceVersion "1"]
[SourceVersionDate "2015.10.08"]
[SourceQuality "1"]
[TimeControl "6000+245"]
[WhiteClock "1:27:55"]
[BlackClock "1:18:40"]

1. d4 d5 2. Nf3 c6 3. c4 Nf6 4. Qb3 e6 (4... dxc4 {Retombe sur la variante Qc2}
5. Qxc4 Bf5) 5. Bg5 (5. Nc3) (5. g3) 5... h6 6. Bxf6 Qxf6 7. Nc3 Nd7 8. e4 dxe4
9. Nxe4 Qf5 (9... Qf4 10. Bd3 e5 11. O-O exd4 12. Nxd4 Nc5 13. Nxc5 Bxc5 14.
Rae1+ Kf8 15. Re4 Qf6 16. Qc3 a5 17. Rfe1 Bd7 18. R1e3 Bb4 19. Qc2 Qd6 20. Rf3
h5 21. c5 Bxc5 22. Bc4 f6 23. Ne6+ Bxe6 24. Rxe6 Qd7 25. Qf5 Qd4 26. Re4 Qd1+
27. Bf1 Bd6 28. Rd3 Bxh2+ 29. Kxh2 Qxf1 30. Rd7 {1-0 (30) Mamedyarov,S (2757)
-Topalov,V (2772) Sofia 2007}) 10. Bd3 Qa5+ 11. Nc3 Be7 12. O-O O-O 13. Rfe1
$14 {[%csl Rc8] Les Noirs ont du mal à réaliser les leviers libérateurs
"c5" et "e5"} Rd8 14. Rad1 Nf8 $146 (14... Qc7 15. Bb1 b6 16. Qc2 Nf8 17. Ne5
Bb7 18. Qe2 Bf6 19. f4 c5 20. d5 a6 21. Be4 Rab8 22. Qh5 g6 23. Qxh6 Bxe5 24.
fxe5 Qxe5 25. Bxg6 Qg7 26. Qxg7+ Kxg7 27. Be4 exd5 28. Bxd5 Bxd5 29. Rxd5 Ne6
30. Red1 Rxd5 31. cxd5 Nd4 32. Na4 Rd8 33. Nxb6 Rd6 34. Nc4 Rxd5 35. Rd2 Rf5
36. Rf2 Rd5 37. Kf1 Ne6 38. Rd2 Rf5+ 39. Ke1 Nd4 40. Rf2 Rd5 41. b3 f5 42. Rd2
Rd8 43. Kf2 Kf6 44. Rd1 {Murdzia,P (2471)-Abergel,T (2532) Germany 2009 1-0 
(79)}) 15. a3 {Les deux adversaires ont recu un avertissement de la part de
l'arbitre pour non respect du réglement qui imposait un minimum de 25 coups
pour proposer nulle.} 1/2-1/2